[ AOE2 MATCH · #483184429 ]
Team RMHindustanis vs Maya
[ REPLAY ANALYSIS · EXTRACTED FROM THE RECORDED GAME ]
Feudal
9:34
Castle
22:49
Imperial
—
| APM avg | 18.0 |
| APM peak | 61 |
| eAPM avg | 9.2 |
| Villagers / military | 79 / 22 |
Focus
⚔️ 19.6% · 🌾 80.4%
Archer ×22
Feudal
11:22
Castle
25:35
Imperial
—
| APM avg | 37.7 |
| APM peak | 93 |
| eAPM avg | 14.2 |
| Villagers / military | 87 / 96 |
Focus
⚔️ 18.1% · 🌾 81.9%
Archer ×80 · Skirmisher ×16
Feudal
10:03
Castle
22:00
Imperial
—
| APM avg | 25.7 |
| APM peak | 58 |
| eAPM avg | 11.7 |
| Villagers / military | 70 / 91 |
Focus
⚔️ 36.5% · 🌾 63.5%
Archer ×66 · Spearman ×21 · Battering Ram ×4
Feudal
10:23
Castle
17:47
Imperial
38:31
| APM avg | 20.4 |
| APM peak | 63 |
| eAPM avg | 14.3 |
| Villagers / military | 121 / 120 |
Focus
⚔️ 33.8% · 🌾 66.2%
Tarkan ×117 · Mangonel ×1 · Knight ×1 · Battering Ram ×1
Feudal
10:13
Castle
17:18
Imperial
—
| APM avg | 43.3 |
| APM peak | 75 |
| eAPM avg | 24.4 |
| Villagers / military | 139 / 88 |
Focus
⚔️ 22.0% · 🌾 78.0%
Skirmisher ×45 · Spearman ×25 · Camel Scout ×16 · Knight ×2
Feudal
13:27
Castle
20:37
Imperial
—
| APM avg | 22.3 |
| APM peak | 60 |
| eAPM avg | 11.0 |
| Villagers / military | 86 / 31 |
Focus
⚔️ 20.2% · 🌾 79.8%
Spearman ×30 · Militia ×1
Match map
Resources at game start + every placement click. Thick line = wall · dashed box = detected house wall. 🟡 gold · ⚪ stone · 🟢 berries · 🔶 boar · ⭕ relic
Inputs per minute
— [M] Nico - - Tintagel
Build order — [M] Nico
First 150 of 181 actions detected
| 0:03 | Build | House |
| 0:04 | Build | House |
| 0:10 | Create | Villager (Male) |
| 0:11 | Create | Villager (Male) |
| 0:11 | Create | Villager (Male) |
| 0:11 | Create | Villager (Male) |
| 1:09 | Create | Villager (Male) |
| 1:52 | Create | Villager (Male) |
| 1:53 | Create | Villager (Male) |
| 2:06 | Build | Lumber Camp |
| 2:20 | Create | Villager (Male) |
| 2:20 | Create | Villager (Male) |
| 2:20 | Create | Villager (Male) |
| 2:57 | Create | Villager (Male) |
| 2:57 | Create | Villager (Male) |
| 2:57 | Create | Villager (Male) |
| 3:09 | Create | Villager (Male) |
| 3:10 | Create | Villager (Male) |
| 3:50 | Create | Villager (Male) |
| 3:51 | Create | Villager (Male) |
| 4:00 | Build | House |
| 4:01 | Build | House |
| 4:10 | Create | Villager (Male) |
| 4:11 | Create | Villager (Male) |
| 4:49 | Build | Mill |
| 4:55 | Build | Mill |
| 5:06 | Create | Villager (Male) |
| 5:16 | Create | Villager (Male) |
| 5:24 | Create | Villager (Male) |
| 5:24 | Create | Villager (Male) |
| 6:15 | Create | Villager (Male) |
| 6:33 | Research | Loom |
| 6:55 | Build | Mining Camp |
| 7:24 | Research | Feudal Age |
| 7:45 | Build | Lumber Camp |
| 8:25 | Build | Barracks |
| 8:32 | Build | Palisade Wall |
| 8:48 | Create | Villager (Male) |
| 8:48 | Create | Villager (Male) |
| 9:34 | Age | Feudal Age |
| 9:40 | Build | Archery Range |
| 9:55 | Build | Archery Range |
| 10:03 | Create | Villager (Male) |
| 10:19 | Create | Villager (Male) |
| 10:34 | Create | Archer |
| 10:34 | Create | Archer |
| 10:51 | Build | Palisade Wall |
| 10:55 | Build | Palisade Wall |
| 10:57 | Build | Palisade Wall |
| 10:59 | Create | Archer |
| 10:59 | Create | Archer |
| 11:01 | Create | Villager (Male) |
| 11:10 | Build | House |
| 11:45 | Build | Palisade Wall |
| 11:46 | Build | Palisade Wall |
| 11:55 | Build | House |
| 12:03 | Create | Archer |
| 12:03 | Create | Archer |
| 12:04 | Create | Villager (Male) |
| 12:14 | Build | House |
| 12:17 | Create | Archer |
| 12:17 | Create | Archer |
| 12:21 | Build | Palisade Wall |
| 12:35 | Create | Villager (Male) |
| 12:42 | Build | House |
| 12:53 | Create | Archer |
| 12:54 | Create | Archer |
| 13:04 | Create | Villager (Male) |
| 13:23 | Build | Blacksmith |
| 13:28 | Create | Archer |
| 13:28 | Create | Archer |
| 13:30 | Create | Villager (Male) |
| 13:53 | Create | Archer |
| 13:53 | Create | Archer |
| 14:11 | Research | Fletching |
| 14:12 | Create | Villager (Male) |
| 14:22 | Create | Archer |
| 14:22 | Create | Archer |
| 14:41 | Create | Archer |
| 14:41 | Create | Archer |
| 15:08 | Create | Archer |
| 15:08 | Create | Archer |
| 15:09 | Create | Villager (Male) |
| 15:09 | Create | Villager (Male) |
| 15:21 | Build | Farm |
| 15:22 | Build | Farm |
| 15:22 | Build | Farm |
| 15:22 | Build | Farm |
| 15:29 | Build | House |
| 15:49 | Build | House |
| 15:51 | Build | Farm |
| 15:51 | Build | Farm |
| 15:52 | Build | Farm |
| 16:10 | Build | Farm |
| 16:21 | Build | Mill |
| 16:30 | Create | Villager (Male) |
| 17:14 | Build | House |
| 17:19 | Create | Archer |
| 17:19 | Create | Archer |
| 17:20 | Create | Villager (Male) |
| 18:03 | Create | Villager (Male) |
| 18:04 | Create | Villager (Male) |
| 18:09 | Build | Market |
| 20:04 | Build | House |
| 20:09 | Research | Castle Age |
| 20:14 | Build | Palisade Wall |
| 20:26 | Research | Double-Bit Axe |
| 20:27 | Research | Double-Bit Axe |
| 20:53 | Build | Farm |
| 20:58 | Build | Farm |
| 20:58 | Build | Farm |
| 21:09 | Research | Horse Collar |
| 21:38 | Build | Farm |
| 21:38 | Build | Farm |
| 22:49 | Age | Castle Age |
| 22:55 | Create | Villager (Male) |
| 23:00 | Build | Town Center |
| 23:04 | Build | Town Center |
| 23:18 | Research | Crossbowman (upgrade) |
| 23:24 | Research | Bodkin Arrow |
| 23:56 | Build | House |
| 24:02 | Create | Villager (Male) |
| 24:20 | Research | Bow Saw |
| 24:27 | Create | Villager (Male) |
| 24:28 | Create | Villager (Male) |
| 24:28 | Create | Villager (Male) |
| 24:44 | Build | Farm |
| 24:44 | Create | Villager (Male) |
| 24:45 | Create | Villager (Male) |
| 24:51 | Build | Town Center |
| 24:55 | Create | Villager (Male) |
| 24:55 | Create | Villager (Male) |
| 24:55 | Create | Villager (Male) |
| 24:55 | Create | Villager (Male) |
| 25:00 | Build | Farm |
| 25:03 | Build | Farm |
| 25:04 | Create | Villager (Male) |
| 25:04 | Create | Villager (Male) |
| 25:07 | Build | Farm |
| 25:10 | Build | Farm |
| 25:11 | Create | Villager (Male) |
| 25:11 | Create | Villager (Male) |
| 25:13 | Build | House |
| 25:30 | Create | Villager (Male) |
| 25:30 | Create | Villager (Male) |
| 25:32 | Build | Farm |
| 25:35 | Create | Villager (Male) |
| 25:40 | Build | Farm |
| 25:47 | Build | Farm |
| 25:54 | Create | Villager (Male) |
Build order — Tintagel
First 150 of 202 actions detected
| 0:01 | Create | Villager (Male) |
| 0:02 | Create | Villager (Male) |
| 0:02 | Create | Villager (Male) |
| 0:03 | Build | House |
| 0:04 | Build | House |
| 0:10 | Create | Villager (Male) |
| 0:10 | Create | Villager (Male) |
| 1:36 | Create | Villager (Male) |
| 1:36 | Create | Villager (Male) |
| 2:01 | Build | Lumber Camp |
| 2:11 | Create | Villager (Male) |
| 2:12 | Create | Villager (Male) |
| 2:30 | Create | Villager (Male) |
| 2:30 | Create | Villager (Male) |
| 2:31 | Create | Villager (Male) |
| 3:06 | Create | Villager (Male) |
| 3:06 | Create | Villager (Male) |
| 3:07 | Create | Villager (Male) |
| 3:15 | Build | House |
| 3:16 | Build | House |
| 3:21 | Create | Villager (Male) |
| 3:21 | Create | Villager (Male) |
| 3:52 | Create | Villager (Male) |
| 3:52 | Create | Villager (Male) |
| 3:53 | Create | Villager (Male) |
| 4:24 | Create | Villager (Male) |
| 4:24 | Create | Villager (Male) |
| 4:27 | Build | Mill |
| 4:43 | Create | Villager (Male) |
| 4:43 | Create | Villager (Male) |
| 4:43 | Create | Villager (Male) |
| 5:29 | Create | Villager (Male) |
| 5:29 | Create | Villager (Male) |
| 5:52 | Create | Villager (Male) |
| 5:59 | Build | House |
| 6:05 | Build | House |
| 6:06 | Build | House |
| 6:08 | Build | House |
| 6:09 | Build | House |
| 6:11 | Create | Villager (Male) |
| 6:38 | Research | Loom |
| 7:14 | Build | Barracks |
| 7:27 | Create | Villager (Male) |
| 7:42 | Build | Lumber Camp |
| 8:12 | Create | Villager (Male) |
| 8:12 | Create | Villager (Male) |
| 8:52 | Build | House |
| 8:53 | Build | House |
| 9:12 | Research | Feudal Age |
| 9:12 | Research | Feudal Age |
| 9:51 | Build | Mining Camp |
| 9:56 | Create | Villager (Male) |
| 9:56 | Create | Villager (Male) |
| 10:40 | Build | Palisade Wall |
| 11:20 | Create | Villager (Male) |
| 11:20 | Create | Villager (Male) |
| 11:22 | Age | Feudal Age |
| 11:30 | Build | Archery Range |
| 11:33 | Build | Archery Range |
| 11:45 | Build | Blacksmith |
| 11:47 | Create | Villager (Male) |
| 11:47 | Create | Villager (Male) |
| 11:50 | Research | Double-Bit Axe |
| 11:54 | Create | Villager (Male) |
| 12:22 | Create | Archer ×3 |
| 12:22 | Create | Archer ×3 |
| 12:25 | Create | Villager (Male) |
| 12:36 | Build | Palisade Wall |
| 12:46 | Create | Villager (Male) |
| 12:47 | Create | Villager (Male) |
| 12:55 | Build | Farm |
| 13:14 | Research | Fletching |
| 13:15 | Research | Padded Archer Armor |
| 13:21 | Build | House |
| 13:24 | Build | Farm |
| 13:25 | Create | Villager (Male) |
| 13:36 | Create | Archer ×4 |
| 13:51 | Build | Farm |
| 14:02 | Create | Archer |
| 14:04 | Create | Villager (Male) |
| 14:04 | Create | Villager (Male) |
| 14:11 | Build | House |
| 14:12 | Build | House |
| 14:21 | Build | Palisade Wall |
| 14:31 | Build | Building 796 |
| 14:42 | Build | Building 796 |
| 15:08 | Research | Padded Archer Armor |
| 15:25 | Build | Lumber Camp |
| 15:41 | Build | Farm |
| 15:42 | Build | Farm |
| 15:43 | Create | Villager (Male) |
| 15:44 | Create | Villager (Male) |
| 15:55 | Create | Villager (Male) |
| 15:55 | Create | Villager (Male) |
| 16:15 | Create | Villager (Male) |
| 16:15 | Create | Villager (Male) |
| 16:18 | Build | Farm |
| 16:20 | Build | Farm |
| 16:21 | Build | Farm |
| 17:00 | Build | Market |
| 17:12 | Create | Skirmisher |
| 17:12 | Create | Skirmisher |
| 17:14 | Build | House |
| 17:31 | Create | Villager (Male) |
| 17:33 | Create | Archer ×2 |
| 17:33 | Create | Archer ×2 |
| 17:34 | Create | Archer ×2 |
| 18:00 | Create | Villager (Male) |
| 18:00 | Create | Villager (Male) |
| 18:04 | Create | Skirmisher ×3 |
| 18:04 | Create | Skirmisher ×3 |
| 18:05 | Create | Villager (Male) |
| 18:06 | Create | Villager (Male) |
| 18:06 | Create | Villager (Male) |
| 18:28 | Create | Skirmisher ×2 |
| 18:28 | Create | Skirmisher ×2 |
| 18:57 | Create | Skirmisher ×2 |
| 18:57 | Create | Skirmisher ×2 |
| 19:09 | Build | Farm |
| 19:10 | Build | Farm |
| 19:19 | Create | Villager (Male) |
| 19:19 | Create | Villager (Male) |
| 19:23 | Build | Archery Range |
| 19:32 | Build | Archery Range |
| 19:42 | Build | Farm |
| 19:43 | Build | Farm |
| 19:44 | Create | Villager (Male) |
| 19:44 | Create | Villager (Male) |
| 20:19 | Create | Villager (Male) |
| 20:19 | Create | Villager (Male) |
| 20:20 | Create | Villager (Male) |
| 20:22 | Build | Farm |
| 20:25 | Build | Farm |
| 20:47 | Create | Villager (Male) |
| 20:48 | Create | Villager (Male) |
| 20:50 | Build | Farm |
| 21:19 | Create | Villager (Male) |
| 21:30 | Create | Villager (Male) |
| 21:30 | Create | Villager (Male) |
| 21:31 | Build | Farm |
| 21:37 | Build | Farm |
| 21:40 | Build | Farm |
| 22:36 | Create | Villager (Male) |
| 22:36 | Create | Villager (Male) |
| 22:49 | Build | Farm |
| 22:56 | Research | Castle Age |
| 22:58 | Create | Archer ×2 |
| 22:58 | Create | Archer ×2 |
| 23:53 | Create | Archer ×2 |
| 23:53 | Create | Archer ×2 |
Build order — misspa
First 150 of 261 actions detected
| 0:01 | Research | Loom |
| 0:01 | Create | Villager (Male) |
| 0:01 | Create | Villager (Male) |
| 0:01 | Create | Villager (Male) |
| 0:02 | Build | House |
| 0:05 | Build | House |
| 1:21 | Create | Villager (Male) |
| 1:22 | Create | Villager (Male) |
| 1:55 | Build | Lumber Camp |
| 2:00 | Create | Villager (Male) |
| 2:01 | Create | Villager (Male) |
| 2:07 | Create | Villager (Male) |
| 2:08 | Create | Villager (Male) |
| 2:55 | Create | Villager (Male) |
| 2:55 | Create | Villager (Male) |
| 3:19 | Create | Villager (Male) |
| 3:20 | Create | Villager (Male) |
| 3:48 | Create | Villager (Male) |
| 3:52 | Build | House |
| 4:07 | Create | Villager (Male) |
| 4:07 | Create | Villager (Male) |
| 4:19 | Build | Mill |
| 4:26 | Create | Villager (Male) |
| 4:33 | Build | House |
| 5:11 | Create | Villager (Male) |
| 5:11 | Create | Villager (Male) |
| 5:11 | Create | Villager (Male) |
| 5:59 | Create | Villager (Male) |
| 6:00 | Create | Villager (Male) |
| 6:33 | Create | Villager (Male) |
| 6:33 | Create | Villager (Male) |
| 7:53 | Research | Feudal Age |
| 8:00 | Build | Palisade Wall |
| 8:12 | Build | Mining Camp |
| 8:18 | Build | Barracks |
| 8:20 | Build | House |
| 8:52 | Create | Villager (Male) |
| 8:52 | Create | Villager (Male) |
| 9:00 | Build | House |
| 9:01 | Build | Palisade Wall |
| 9:10 | Create | Villager (Male) |
| 9:10 | Create | Villager (Male) |
| 9:42 | Build | Palisade Wall |
| 9:54 | Build | Palisade Wall |
| 10:03 | Age | Feudal Age |
| 10:09 | Build | Archery Range |
| 10:33 | Build | House |
| 10:43 | Create | Villager (Male) |
| 10:44 | Create | Villager (Male) |
| 10:47 | Build | House |
| 10:50 | Build | Palisade Wall |
| 11:01 | Build | House |
| 11:04 | Research | Double-Bit Axe |
| 11:05 | Create | Villager (Male) |
| 11:10 | Create | Archer |
| 11:10 | Create | Archer |
| 11:19 | Build | House |
| 11:23 | Build | Palisade Wall |
| 11:33 | Create | Villager (Male) |
| 11:33 | Create | Villager (Male) |
| 11:46 | Build | Farm |
| 12:00 | Build | Palisade Wall |
| 12:04 | Build | Archery Range |
| 12:07 | Create | Archer |
| 12:36 | Create | Archer |
| 12:46 | Build | Blacksmith |
| 12:48 | Create | Villager (Male) |
| 12:48 | Create | Villager (Male) |
| 12:56 | Create | Archer |
| 12:56 | Create | Archer |
| 13:06 | Create | Archer |
| 13:06 | Create | Archer |
| 13:15 | Build | House |
| 13:15 | Build | House |
| 13:17 | Build | House |
| 13:23 | Create | Archer |
| 13:26 | Build | Farm |
| 13:30 | Build | Farm |
| 13:35 | Create | Archer |
| 13:35 | Create | Archer |
| 13:51 | Create | Archer |
| 13:51 | Create | Archer |
| 14:13 | Research | Fletching |
| 14:29 | Create | Villager (Male) |
| 14:29 | Create | Villager (Male) |
| 14:35 | Build | Farm |
| 14:36 | Build | Farm |
| 14:49 | Create | Archer |
| 14:49 | Create | Archer |
| 14:49 | Create | Archer |
| 15:22 | Create | Villager (Male) |
| 15:22 | Create | Villager (Male) |
| 15:22 | Create | Villager (Male) |
| 15:27 | Create | Archer |
| 15:28 | Create | Archer |
| 15:30 | Build | House |
| 15:31 | Build | House |
| 15:35 | Build | Farm |
| 15:36 | Create | Villager (Male) |
| 15:36 | Create | Villager (Male) |
| 15:54 | Build | Farm |
| 15:55 | Build | Farm |
| 15:57 | Build | Farm |
| 16:12 | Build | Farm |
| 16:25 | Build | Farm |
| 16:26 | Build | Farm |
| 16:59 | Build | House |
| 17:26 | Create | Villager (Male) |
| 17:26 | Create | Villager (Male) |
| 17:27 | Create | Archer |
| 17:27 | Create | Archer |
| 17:28 | Create | Archer |
| 17:28 | Create | Archer |
| 17:28 | Create | Archer |
| 17:30 | Build | Farm |
| 17:38 | Create | Archer |
| 17:38 | Create | Archer |
| 17:38 | Create | Archer |
| 17:50 | Build | Farm |
| 18:23 | Create | Villager (Male) |
| 18:32 | Build | Farm |
| 19:17 | Create | Archer |
| 19:18 | Create | Archer |
| 19:20 | Research | Castle Age |
| 19:24 | Research | Padded Archer Armor |
| 19:43 | Build | Building 796 |
| 19:51 | Create | Archer |
| 19:52 | Create | Archer |
| 20:05 | Build | Farm |
| 20:06 | Research | Horse Collar |
| 20:14 | Create | Archer |
| 20:14 | Create | Archer |
| 20:15 | Create | Archer |
| 20:27 | Research | Gold Mining |
| 20:44 | Build | Farm |
| 21:26 | Create | Archer |
| 21:26 | Create | Archer |
| 21:26 | Create | Archer |
| 22:00 | Age | Castle Age |
| 22:08 | Research | Crossbowman (upgrade) |
| 22:09 | Research | Thumb Ring |
| 22:51 | Research | Bodkin Arrow |
| 22:58 | Build | Town Center |
| 23:00 | Create | Villager (Male) |
| 23:00 | Create | Villager (Male) |
| 23:00 | Create | Villager (Male) |
| 23:21 | Create | Archer |
| 23:22 | Create | Archer |
| 23:57 | Create | Archer |
| 23:58 | Create | Archer |
Build order — andy_marcelo2012
First 150 of 364 actions detected
| 0:07 | Create | Villager (Male) |
| 0:08 | Create | Villager (Male) |
| 0:08 | Create | Villager (Male) |
| 0:12 | Create | Villager (Male) |
| 0:13 | Create | Villager (Male) |
| 1:14 | Create | Villager (Male) |
| 1:14 | Create | Villager (Male) |
| 1:49 | Create | Villager (Male) |
| 2:18 | Create | Villager (Male) |
| 3:00 | Create | Villager (Male) |
| 3:01 | Create | Villager (Male) |
| 3:01 | Create | Villager (Male) |
| 3:07 | Build | Mill |
| 4:03 | Create | Villager (Male) |
| 4:03 | Create | Villager (Male) |
| 4:04 | Create | Villager (Male) |
| 4:04 | Create | Villager (Male) |
| 4:05 | Create | Villager (Male) |
| 4:21 | Create | Villager (Male) |
| 4:44 | Create | Villager (Male) |
| 4:59 | Create | Villager (Male) |
| 5:00 | Create | Villager (Male) |
| 5:18 | Create | Villager (Male) |
| 5:50 | Build | Lumber Camp |
| 6:29 | Create | Villager (Male) |
| 6:38 | Create | Villager (Male) |
| 7:01 | Build | Farm |
| 7:14 | Build | Farm |
| 7:21 | Build | Farm |
| 7:30 | Create | Villager (Male) |
| 8:04 | Research | Feudal Age |
| 8:12 | Build | Farm |
| 8:13 | Build | Farm |
| 8:43 | Build | Farm |
| 8:44 | Build | Farm |
| 9:08 | Build | Farm |
| 9:16 | Research | Loom |
| 9:18 | Create | Villager (Male) |
| 9:35 | Build | Farm |
| 9:44 | Build | Farm |
| 10:17 | Build | Mining Camp |
| 10:23 | Age | Feudal Age |
| 10:36 | Research | Double-Bit Axe |
| 10:40 | Create | Villager (Male) |
| 10:51 | Create | Villager (Male) |
| 11:05 | Research | Horse Collar |
| 11:08 | Create | Villager (Male) |
| 11:43 | Build | Farm |
| 12:12 | Build | Blacksmith |
| 12:25 | Create | Villager (Male) |
| 12:42 | Create | Villager (Male) |
| 12:56 | Build | Market |
| 13:01 | Create | Villager (Male) |
| 13:29 | Build | Mining Camp |
| 13:36 | Create | Villager (Male) |
| 13:56 | Build | Farm |
| 13:57 | Build | Farm |
| 13:59 | Create | Villager (Male) |
| 14:28 | Create | Villager (Male) |
| 14:38 | Build | Farm |
| 15:02 | Build | Farm |
| 15:07 | Research | Castle Age |
| 15:07 | Research | Castle Age |
| 15:29 | Build | Barracks |
| 15:46 | Research | Scale Barding Armor |
| 16:42 | Build | Stable |
| 16:50 | Create | Villager (Male) |
| 16:51 | Create | Villager (Male) |
| 17:47 | Age | Castle Age |
| 17:49 | Build | Town Center |
| 17:56 | Create | Villager (Male) |
| 18:16 | Research | Bow Saw |
| 18:30 | Research | Heavy Plow |
| 18:40 | Create | Villager (Male) |
| 18:41 | Create | Villager (Male) |
| 18:49 | Research | Stone Mining |
| 19:05 | Create | Villager (Male) |
| 19:32 | Build | Farm |
| 19:33 | Create | Villager (Male) |
| 19:36 | Create | Villager (Male) |
| 19:49 | Create | Villager (Male) |
| 20:02 | Create | Villager (Male) |
| 20:03 | Create | Villager (Male) |
| 20:23 | Build | Town Center |
| 20:31 | Build | Town Center |
| 20:42 | Create | Villager (Male) |
| 20:44 | Create | Villager (Male) |
| 20:52 | Research | Gold Mining |
| 21:02 | Build | Farm |
| 21:16 | Create | Villager (Male) |
| 21:19 | Create | Villager (Male) |
| 21:27 | Build | Farm |
| 21:28 | Build | Farm |
| 21:31 | Build | Farm |
| 21:35 | Build | Farm |
| 21:37 | Create | Villager (Male) |
| 21:51 | Create | Villager (Male) |
| 21:53 | Create | Villager (Male) |
| 22:03 | Create | Villager (Male) |
| 22:05 | Create | Villager (Male) |
| 22:15 | Create | Villager (Male) |
| 22:22 | Build | Farm |
| 22:24 | Create | Villager (Male) |
| 22:41 | Build | Farm |
| 22:43 | Create | Villager (Male) |
| 22:50 | Build | Castle |
| 22:53 | Create | Villager (Male) |
| 22:56 | Create | Villager (Male) |
| 23:01 | Build | Mill |
| 23:06 | Create | Villager (Male) |
| 23:08 | Create | Villager (Male) |
| 23:29 | Research | Wheelbarrow |
| 23:38 | Build | Farm |
| 23:49 | Create | Villager (Male) |
| 23:51 | Research | Town Watch |
| 24:01 | Build | Farm |
| 24:02 | Create | Villager (Male) |
| 24:08 | Create | Villager (Male) |
| 24:16 | Build | Farm |
| 24:18 | Build | Farm |
| 24:20 | Build | Farm |
| 24:23 | Build | Farm |
| 24:25 | Build | Farm |
| 24:27 | Build | Farm |
| 24:29 | Build | Farm |
| 24:32 | Build | Farm |
| 24:34 | Build | Farm |
| 24:35 | Build | Farm |
| 24:44 | Build | Stable |
| 24:47 | Create | Villager (Male) |
| 24:49 | Research | Town Patrol |
| 25:04 | Create | Villager (Male) |
| 25:13 | Build | Stable |
| 25:18 | Research | Forging |
| 25:39 | Create | Villager (Male) |
| 25:42 | Create | Villager (Male) |
| 25:43 | Create | Villager (Male) |
| 25:48 | Build | Farm |
| 25:49 | Build | Farm |
| 25:51 | Build | Farm |
| 25:52 | Create | Villager (Male) |
| 26:01 | Research | Husbandry |
| 26:06 | Research | Marauders |
| 26:26 | Build | Siege Workshop |
| 26:28 | Create | Villager (Male) |
| 26:30 | Create | Villager (Male) |
| 26:34 | Create | Villager (Male) |
| 26:36 | Create | Villager (Male) |
| 27:06 | Research | Chain Barding Armor |
| 27:09 | Build | Farm |
Build order — ggnowall
First 150 of 381 actions detected
| 0:01 | Create | Villager (Male) |
| 0:02 | Create | Villager (Male) |
| 0:02 | Create | Villager (Male) |
| 0:02 | Create | Villager (Male) |
| 0:02 | Create | Villager (Male) |
| 0:05 | Build | House |
| 0:07 | Build | House |
| 1:30 | Create | Villager (Male) |
| 1:30 | Create | Villager (Male) |
| 1:30 | Create | Villager (Male) |
| 1:54 | Build | Lumber Camp |
| 2:01 | Create | Villager (Male) |
| 2:01 | Create | Villager (Male) |
| 2:15 | Create | Villager (Male) |
| 2:16 | Create | Villager (Male) |
| 2:50 | Create | Villager (Male) |
| 2:50 | Create | Villager (Male) |
| 2:50 | Create | Villager (Male) |
| 3:05 | Create | Villager (Male) |
| 3:05 | Create | Villager (Male) |
| 3:59 | Create | Villager (Male) |
| 4:00 | Create | Villager (Male) |
| 4:00 | Create | Villager (Male) |
| 4:06 | Build | House |
| 4:11 | Create | Villager (Male) |
| 4:11 | Create | Villager (Male) |
| 4:28 | Build | Mill |
| 4:54 | Create | Villager (Male) |
| 4:54 | Create | Villager (Male) |
| 4:54 | Create | Villager (Male) |
| 5:24 | Create | Villager (Male) |
| 5:24 | Create | Villager (Male) |
| 5:24 | Create | Villager (Male) |
| 5:24 | Create | Villager (Male) |
| 5:24 | Create | Villager (Male) |
| 6:07 | Create | Villager (Male) |
| 6:07 | Create | Villager (Male) |
| 6:07 | Create | Villager (Male) |
| 6:30 | Build | House |
| 6:46 | Build | Farm |
| 7:17 | Build | Farm |
| 7:19 | Build | Farm |
| 7:33 | Create | Villager (Male) |
| 8:03 | Research | Feudal Age |
| 8:43 | Build | House |
| 9:32 | Build | Palisade Wall |
| 9:37 | Create | Villager (Male) |
| 9:37 | Create | Villager (Male) |
| 9:38 | Create | Villager (Male) |
| 10:03 | Build | Barracks |
| 10:13 | Age | Feudal Age |
| 10:20 | Build | Palisade Wall |
| 10:36 | Build | Building 804 |
| 10:53 | Build | Farm |
| 10:59 | Build | Farm |
| 11:17 | Build | Palisade Wall |
| 11:30 | Build | Palisade Wall |
| 11:46 | Create | Villager (Male) |
| 11:47 | Create | Villager (Male) |
| 12:05 | Build | Market |
| 12:43 | Build | Mining Camp |
| 13:05 | Build | Blacksmith |
| 13:18 | Research | Loom |
| 13:53 | Build | House |
| 14:38 | Research | Castle Age |
| 15:25 | Build | Lumber Camp |
| 15:38 | Build | Archery Range |
| 15:59 | Build | House |
| 16:11 | Build | Farm |
| 16:12 | Build | Farm |
| 16:12 | Build | Farm |
| 16:42 | Create | Skirmisher |
| 16:43 | Create | Skirmisher |
| 16:43 | Create | Skirmisher |
| 16:43 | Create | Skirmisher |
| 16:43 | Create | Skirmisher |
| 16:49 | Create | Skirmisher |
| 16:49 | Create | Skirmisher |
| 17:05 | Create | Skirmisher |
| 17:05 | Create | Skirmisher |
| 17:06 | Create | Skirmisher |
| 17:11 | Create | Skirmisher |
| 17:11 | Create | Skirmisher |
| 17:11 | Create | Skirmisher |
| 17:14 | Create | Skirmisher |
| 17:14 | Create | Skirmisher |
| 17:18 | Research | Fletching |
| 17:18 | Age | Castle Age |
| 17:19 | Research | Padded Archer Armor |
| 18:54 | Create | Skirmisher |
| 18:54 | Create | Skirmisher |
| 19:38 | Create | Skirmisher |
| 19:38 | Create | Skirmisher |
| 19:38 | Create | Skirmisher |
| 19:48 | Research | Bodkin Arrow |
| 20:21 | Build | Farm |
| 20:27 | Build | Farm |
| 20:33 | Build | Farm |
| 20:39 | Build | Farm |
| 20:44 | Build | Farm |
| 20:44 | Build | Farm |
| 20:59 | Create | Villager (Male) |
| 20:59 | Create | Villager (Male) |
| 21:09 | Create | Skirmisher |
| 21:09 | Create | Skirmisher |
| 21:10 | Create | Skirmisher |
| 21:42 | Create | Villager (Male) |
| 21:42 | Create | Villager (Male) |
| 22:20 | Research | Elite Skirmisher (upgrade) |
| 22:28 | Create | Villager (Male) |
| 22:28 | Create | Villager (Male) |
| 22:28 | Create | Villager (Male) |
| 22:44 | Build | Lumber Camp |
| 23:08 | Create | Skirmisher |
| 23:08 | Create | Skirmisher |
| 23:08 | Create | Skirmisher |
| 23:08 | Create | Skirmisher |
| 23:08 | Create | Skirmisher |
| 23:19 | Create | Villager (Male) |
| 23:19 | Create | Villager (Male) |
| 23:19 | Create | Villager (Male) |
| 23:19 | Create | Villager (Male) |
| 23:32 | Build | House |
| 23:32 | Build | House |
| 23:58 | Build | House |
| 24:36 | Create | Villager (Male) |
| 24:36 | Create | Villager (Male) |
| 24:39 | Create | Villager (Male) |
| 24:39 | Create | Villager (Male) |
| 24:59 | Research | Double-Bit Axe |
| 25:19 | Research | Horse Collar |
| 25:31 | Build | Farm |
| 25:33 | Create | Villager (Male) |
| 25:34 | Create | Villager (Male) |
| 25:34 | Create | Villager (Male) |
| 26:07 | Build | Stable |
| 26:13 | Create | Villager (Male) |
| 26:13 | Create | Villager (Male) |
| 26:56 | Create | Villager (Male) |
| 27:41 | Build | University |
| 27:55 | Research | Bloodlines |
| 28:04 | Create | Villager (Male) |
| 28:05 | Create | Villager (Male) |
| 28:36 | Research | Ballistics |
| 28:48 | Create | Skirmisher |
| 28:49 | Create | Skirmisher |
| 28:49 | Create | Skirmisher |
| 28:49 | Create | Skirmisher |
| 29:02 | Create | Villager (Male) |
| 29:02 | Create | Villager (Male) |
Build order — Palta
First 150 of 204 actions detected
| 0:01 | Create | Villager (Male) |
| 0:01 | Create | Villager (Male) |
| 0:02 | Create | Villager (Male) |
| 0:02 | Create | Villager (Male) |
| 0:02 | Create | Villager (Male) |
| 0:21 | Build | House |
| 0:31 | Build | House |
| 2:27 | Build | Lumber Camp |
| 2:34 | Create | Villager (Male) |
| 2:34 | Create | Villager (Male) |
| 3:02 | Create | Villager (Male) |
| 3:33 | Create | Villager (Male) |
| 3:54 | Create | Villager (Male) |
| 4:52 | Build | House |
| 5:19 | Create | Villager (Male) |
| 5:19 | Create | Villager (Male) |
| 5:56 | Build | Mill |
| 6:47 | Create | Villager (Male) |
| 7:26 | Create | Villager (Male) |
| 7:34 | Create | Villager (Male) |
| 8:13 | Build | Lumber Camp |
| 8:22 | Create | Villager (Male) |
| 8:27 | Create | Villager (Male) |
| 8:50 | Build | House |
| 8:54 | Create | Villager (Male) |
| 9:01 | Create | Villager (Male) |
| 9:07 | Create | Villager (Male) |
| 9:26 | Build | Mining Camp |
| 9:28 | Create | Villager (Male) |
| 10:06 | Create | Villager (Male) |
| 10:38 | Research | Feudal Age |
| 10:46 | Build | Farm |
| 11:06 | Build | House |
| 11:24 | Build | House |
| 11:25 | Create | Villager (Male) |
| 12:03 | Build | Barracks |
| 12:11 | Build | Farm |
| 12:13 | Build | Farm |
| 12:17 | Build | Farm |
| 12:19 | Build | Farm |
| 12:28 | Create | Villager (Male) |
| 12:34 | Create | Villager (Male) |
| 12:41 | Build | Farm |
| 13:02 | Build | Farm |
| 13:27 | Age | Feudal Age |
| 13:43 | Build | Farm |
| 13:44 | Create | Villager (Male) |
| 14:41 | Build | Blacksmith |
| 14:54 | Build | House |
| 15:05 | Create | Villager (Male) |
| 15:46 | Build | Market |
| 15:56 | Create | Villager (Male) |
| 16:35 | Research | Double-Bit Axe |
| 16:40 | Research | Horse Collar |
| 17:57 | Research | Castle Age |
| 18:41 | Build | Mining Camp |
| 20:15 | Build | Palisade Wall |
| 20:37 | Age | Castle Age |
| 20:48 | Build | Town Center |
| 20:52 | Create | Villager (Male) |
| 20:53 | Create | Villager (Male) |
| 20:59 | Build | Farm |
| 21:01 | Build | Farm |
| 21:03 | Build | Farm |
| 21:07 | Build | Farm |
| 21:08 | Create | Villager (Male) |
| 21:36 | Build | House |
| 21:42 | Create | Villager (Male) |
| 22:05 | Build | Palisade Wall |
| 22:52 | Build | Farm |
| 24:40 | Research | Wheelbarrow |
| 25:26 | Build | Town Center |
| 25:40 | Create | Villager (Male) |
| 25:41 | Create | Villager (Male) |
| 25:41 | Create | Villager (Male) |
| 25:42 | Create | Villager (Male) |
| 26:40 | Build | Watch Tower |
| 26:54 | Create | Villager (Male) |
| 26:55 | Create | Villager (Male) |
| 26:56 | Create | Villager (Male) |
| 27:49 | Create | Villager (Male) |
| 27:57 | Research | Stone Mining |
| 28:00 | Create | Villager (Male) |
| 28:14 | Create | Villager (Male) |
| 28:15 | Create | Villager (Male) |
| 28:15 | Create | Villager (Male) |
| 28:34 | Build | Barracks |
| 28:41 | Create | Villager (Male) |
| 28:41 | Create | Villager (Male) |
| 28:53 | Build | Farm |
| 28:55 | Create | Villager (Male) |
| 28:58 | Create | Villager (Male) |
| 29:11 | Build | Farm |
| 29:29 | Create | Villager (Male) |
| 29:52 | Build | Lumber Camp |
| 30:36 | Create | Villager (Male) |
| 30:36 | Create | Villager (Male) |
| 30:37 | Create | Villager (Male) |
| 30:43 | Research | Stone Shaft Mining |
| 31:13 | Research | Gold Mining |
| 31:17 | Create | Villager (Male) |
| 31:37 | Create | Villager (Male) |
| 31:56 | Research | Bow Saw |
| 33:25 | Create | Villager (Male) |
| 33:25 | Create | Villager (Male) |
| 33:26 | Create | Villager (Male) |
| 33:26 | Create | Villager (Male) |
| 33:35 | Build | House |
| 33:39 | Create | Villager (Male) |
| 33:40 | Create | Villager (Male) |
| 33:40 | Create | Villager (Male) |
| 33:50 | Research | Hand Cart |
| 34:26 | Create | Villager (Male) |
| 34:27 | Create | Villager (Male) |
| 34:27 | Create | Villager (Male) |
| 35:26 | Build | Castle |
| 35:36 | Create | Villager (Male) |
| 35:50 | Build | House |
| 35:52 | Build | House |
| 35:54 | Build | House |
| 36:00 | Research | Forging |
| 36:03 | Research | Scale Mail Armor |
| 36:09 | Research | Pikeman (upgrade) |
| 36:12 | Research | Squires |
| 36:24 | Research | Squires |
| 36:34 | Create | Villager (Male) |
| 36:34 | Create | Villager (Male) |
| 36:35 | Create | Villager (Male) |
| 36:35 | Create | Villager (Male) |
| 36:44 | Build | House |
| 36:45 | Build | House |
| 36:47 | Build | House |
| 36:47 | Build | House |
| 36:48 | Build | House |
| 36:48 | Build | House |
| 36:51 | Create | Villager (Male) |
| 36:51 | Create | Villager (Male) |
| 36:52 | Create | Villager (Male) |
| 37:45 | Create | Villager (Male) |
| 37:46 | Create | Villager (Male) |
| 37:46 | Create | Villager (Male) |
| 37:59 | Create | Villager (Male) |
| 38:18 | Research | Chain Mail Armor |
| 38:27 | Create | Villager (Male) |
| 38:27 | Create | Villager (Male) |
| 38:28 | Create | Villager (Male) |
| 38:44 | Build | Barracks |
| 38:45 | Build | Barracks |
| 38:47 | Build | Barracks |
| 38:57 | Create | Villager (Male) |
Match timeline
| 7:14 | Tintagel · first_building Barracks |
| 8:00 | misspa · wall_segment Palisade Wall x11 |
| 8:18 | misspa · first_building Barracks |
| 8:25 | [M] Nico · first_building Barracks |
| 8:32 | [M] Nico · wall_segment Palisade Wall x1 |
| 9:01 | misspa · wall_segment Palisade Wall x1 |
| 9:32 | ggnowall · wall_segment Palisade Wall x3 |
| 9:34 | [M] Nico · age_up feudal |
| 9:40 | [M] Nico · first_building Archery Range |
| 9:42 | misspa · wall_segment Palisade Wall x8 |
| 9:54 | misspa · wall_segment Palisade Wall x15 |
| 10:03 | misspa · age_up feudal |
| 10:03 | ggnowall · first_building Barracks |
| 10:09 | misspa · first_building Archery Range |
| 10:13 | ggnowall · age_up feudal |
| 10:20 | ggnowall · wall_segment Palisade Wall x10 |
| 10:23 | andy_marcelo2012 · age_up feudal |
| 10:40 | Tintagel · wall_segment Palisade Wall x6 |
| 10:50 | misspa · wall_segment Palisade Wall x3 |
| 10:51 | [M] Nico · wall_segment Palisade Wall x14 |
| 10:55 | [M] Nico · wall_segment Palisade Wall x6 |
| 10:57 | [M] Nico · wall_segment Palisade Wall x5 |
| 11:17 | ggnowall · wall_segment Palisade Wall x6 |
| 11:22 | Tintagel · age_up feudal |
| 11:23 | misspa · wall_segment Palisade Wall x1 |
| 11:30 | Tintagel · first_building Archery Range |
| 11:30 | ggnowall · wall_segment Palisade Wall x5 |
| 11:45 | [M] Nico · wall_segment Palisade Wall x4 |
| 11:46 | [M] Nico · wall_segment Palisade Wall x8 |
| 12:00 | misspa · wall_segment Palisade Wall x1 |
| 12:03 | Palta · first_building Barracks |
| 12:21 | [M] Nico · wall_segment Palisade Wall x1 |
| 12:36 | Tintagel · wall_segment Palisade Wall x7 |
| 13:27 | Palta · age_up feudal |
| 14:21 | Tintagel · wall_segment Palisade Wall x16 |
| 14:34 | ggnowall · first_market_sell 100 wood |
| 15:29 | andy_marcelo2012 · first_building Barracks |
| 15:38 | ggnowall · first_building Archery Range |
| 16:42 | andy_marcelo2012 · first_building Stable |
| 17:18 | ggnowall · age_up castle |
| 17:47 | andy_marcelo2012 · age_up castle |
| 19:45 | [M] Nico · first_market_buy 100 food |
| 20:14 | [M] Nico · wall_segment Palisade Wall x1 |
| 20:15 | Palta · wall_segment Palisade Wall x11 |
| 20:37 | Palta · age_up castle |
| 22:00 | misspa · age_up castle |
| 22:05 | Palta · wall_segment Palisade Wall x13 |
| 22:39 | Tintagel · first_market_buy 100 food |
| 22:49 | [M] Nico · age_up castle |
| 22:50 | andy_marcelo2012 · first_building Castle |
| 24:59 | misspa · first_building Siege Workshop |
| 25:35 | Tintagel · age_up castle |
| 26:07 | ggnowall · first_building Stable |
| 26:26 | andy_marcelo2012 · first_building Siege Workshop |
| 29:31 | ggnowall · first_market_buy 100 food |
| 29:54 | [M] Nico · resign |
| 31:30 | Palta · first_market_buy 100 wood |
| 33:06 | Palta · tribute_sent a jugador 1 |
| 33:06 | Palta · tribute_sent a jugador 2 |
| 33:06 | Palta · tribute_sent a jugador 3 |
| 33:06 | Palta · tribute_sent a jugador 4 |
| 33:06 | Palta · tribute_sent a jugador 5 |
| 35:19 | andy_marcelo2012 · first_market_sell 100 stone |
| 35:26 | Palta · first_building Castle |
| 35:38 | misspa · wall_segment Stone Wall x1 |
| 36:56 | misspa · first_building Castle |
| 38:16 | andy_marcelo2012 · first_market_buy 100 food |
| 38:31 | andy_marcelo2012 · age_up imperial |
[ AI ANALYSIS · 1 CREDIT ]
What really happened in this match?
Wolo.gg analyzes every decision: build order, eco, micro, common mistakes by bracket. Personalized analysis on WhatsApp or Discord in 30 seconds.
Civ guide
Hindustanis
Map guide
Arabia
Perfil
[M] Nico